 Dungeon Crawl Stone Soup version 0.23.2 (webtiles) character file.

Game seed: 14857510927461882985

34330 Llamajah the Warrior (level 13, -1/150 HPs)
             Began as an Ogre Fighter on June 6, 2019.
             Was a High Priest of Okawaru.
             Slain by a catoblepas (8 damage)
             ... while petrified by you
             ... on level 4 of the Lair of Beasts.
             The game lasted 01:10:53 (22150 turns).

Llamajah the Warrior (Ogre Fighter)                Turns: 22150, Time: 01:10:54

Health: -1/150     AC: 17    Str: 24    XL:     13   Next: 76%
Magic:  13/14      EV:  1    Int:  9    God:    Okawaru [*****.]
Gold:   588        SH:  0    Dex: 11    Spells: 12/12 levels left

rFire    . . .     SeeInvis .   V - +4 flail
rCold    . . .     Gourm    .   c - +0 shield
rNeg     + + +     Faith    +   R - +0 troll leather armour
rPois    ∞         Spirit   .   b - +2 hat
rElec    .         Reflect  .   L - +1 cloak
rCorr    .         Harm     .   (gloves unavailable)
MR       +....                  (boots unavailable)
Stlth    ++........             U - amulet of faith
HPRegen  0.75/turn              j - +3 ring of protection
MPRegen  0.14/turn              P - +3 ring of protection

@: petrified, heroism
A: large, unfitting armour, tough skin 1
a: Heroism, Finesse, Renounce Religion


You were on level 4 of the Lair of Beasts.
You worshipped Okawaru.
Okawaru was extremely pleased with you.
You were very hungry.

You visited 3 branches of the dungeon, and saw 17 of its levels.

You collected 1108 gold pieces.
You spent 520 gold pieces at shops.

Inventory:

Hand Weapons
 a - a +0 war axe
 o - a +1 whip of venom
 V - a +4 flail (weapon)
Missiles
 t - 346 stones
 x - 17 tomahawks
 B - 5 poisoned tomahawks
 E - 4 javelins
 G - 6 poisoned javelins (quivered)
 K - 4 throwing nets
 N - 12 large rocks
Armour
 b - a +2 hat (worn)
 c - a +0 shield (worn)
 q - the +0 robe of Crawling {+Inv rElec Dex+5}
   (Okawaru gifted it to you on level 2 of the Lair of Beasts)

   It affects your dexterity (+5).
   It insulates you from electricity.
   It lets you turn invisible.
 L - a +1 cloak (worn)
 R - a +0 troll leather armour (worn)
 W - a +0 hat of magic resistance
Jewellery
 g - an uncursed amulet of guardian spirit
 i - an uncursed amulet of rage {unknown}
 j - a +3 ring of protection (left hand)
 P - a +3 ring of protection (right hand)
 U - an amulet of faith (around neck)
 X - an uncursed ring of ice
Wands
 y - a wand of disintegration (35)
 z - a wand of random effects (14)
 A - a wand of iceblast (17)
 H - a wand of paralysis (1)
 J - a wand of flame (19)
 Q - a wand of digging (12)
Scrolls
 e - 9 scrolls of teleportation
 k - a scroll of fear {unknown}
 l - 7 scrolls of remove curse
 m - 4 scrolls of immolation
 n - 2 scrolls of fog
 v - a scroll of vulnerability {unknown}
 w - 5 scrolls of enchant weapon
 D - a scroll of magic mapping {unknown}
 F - 2 scrolls of enchant armour {unknown}
 I - 2 scrolls of random uselessness {unknown}
 T - a scroll of blinking {unknown}
Potions
 d - a potion of ambrosia
 h - 2 potions of haste
 p - 9 potions of lignification
 s - 5 potions of flight
 u - a potion of berserk rage {unknown}
 C - a potion of mutation
 M - a potion of brilliance
 O - a potion of curing
 S - a potion of agility {unknown}
Comestibles
 f - 27 rations


   Skills:
 * Level 15.3(20.3) Fighting
 * Level 9.1(14.1) Axes
 + Level 8.3(13.3) Throwing
 + Level 6.4(11.4) Armour
 + Level 10.6(15.6) Dodging
 + Level 8.1(13.1) Shields
 + Level 2.1 Invocations


You had 12 spell levels left.
You didn't know any spells.
Your spell library contained the following spells:

 Spells                   Type           Power        Failure   Level  Hunger
 Flame Tongue             Conj/Fire      #....        41%         1    ##.....
 Magic Dart               Conj           #...         41%         1    ##.....
 Searing Ray              Conj           #.....       56%         2    ###....
 Throw Flame              Conj/Fire      #.....       56%         2    ###....
 Dazzling Spray           Conj/Hex       #.....       80%         3    ####...
 Force Lance              Conj/Tloc      #.......     99%         4    #####..
 Fulminant Prism          Conj/Hex       #.........   99%         4    #####..
 Iskenderun's Mystic Bla  Conj           #.......     99%         4    #####..
 Venom Bolt               Conj/Pois      #.........   100%        5    ######.
 Conjure Ball Lightning   Conj/Air       #.........   100%        6    #######


Dungeon Overview and Level Annotations

Branches:
Dungeon (12/15)            Temple (1/1) D:5            Lair (4/6) D:8
 Shoals (0/4) Lair:2       Spider (0/4) Lair:2          Orc (0/2) D:10

Altars:
Cheibriados
Fedhas
Hepliaklqana
Makhleb
Nemelex Xobeh
Okawaru
Ru
Sif Muna
Trog
Uskayaw
Wu Jian
Xom
The Shining One

Shops:
D:5 =

Annotations:
D:9 2 transporters, patrick's ghost, novice CeHu
D:12 Nessos
Lair:4 exclusion: oklob plant


Innate Abilities, Weirdness & Mutations

You are too large for most types of armour.
You have tough skin. (AC +1)


Message History

The blast of calcifying dust hits you but does no damage.
The catoblepas gores you!!
* * * LOW HITPOINT WARNING * * *
You have turned to stone.
You are engulfed in calcifying dust.
The catoblepas gores you but does no damage.
You are engulfed in calcifying dust.
The catoblepas gores you.
You are engulfed in calcifying dust.
The catoblepas gores you!
* * * LOW HITPOINT WARNING * * *
You are engulfed in calcifying dust.
The catoblepas gores you.
* * * LOW HITPOINT WARNING * * *
You are engulfed in calcifying dust.
The catoblepas breathes a plume of calcifying dust at you.
The blast of calcifying dust hits you.
* * * LOW HITPOINT WARNING * * *
The catoblepas gores you but does no damage.
The catoblepas breathes a plume of calcifying dust at you.
The blast of calcifying dust hits you.
You are engulfed in calcifying dust.
The catoblepas gores you!
You die...

...#.. ...........#
###....... ..........# ...#
# #####........## ...# ..
##...#.........# ...#
!≈≈###≈≈Y.#........## ####
≈..≈.≈..≈.#........#
#####≈.......≈##........#
P#..##≈.≈≈≈.≈##.........##
.#...'..≈<≈..((Y@§§..§...#
....##≈.≈≈≈.≈##..........#
...##≈.......§##........##
...# ≈..≈.≈..§(#.........#
##.# $≈≈###≈≈$.#.........#
...# ..##.##..Y#.........#
..P#####...#####........##
..P≈≈≈PPP.#...###........P#
..P≈≈≈PPP.....##.........##


You could see a catoblepas.

Vanquished Creatures
  Gastronok (D:8)
  Harold (D:8)
  The ghost of catcat the Peltast, a journeyman MiFi of Okawaru (Lair:3)
  3 hydras
  A catoblepas (Lair:4)
  Pikel (D:8)
  2 ugly things
  2 cyclopes (D:11)
  A manticore (D:11)
  3 merfolk sirens (Lair:2)
  A black mamba (Lair:2)
  Maurice (D:8)
  12 spiny frogs
  9 rime drakes
  2 komodo dragons
  3 trolls
  A queen bee (Lair:1)
  A merfolk (Lair:2)
  A hornet (D:9)
  11 blink frogs
  7 hippogriffs
  8 wyverns
  15 yaks
  9 basilisks
  Grum (D:8)
  A soldier ant (D:9)
  Duvessa (D:4)
  A hell hound (Lair:4)
  9 water moccasins
  5 porcupines
  2 necrophages (D:6)
  A slave (D:8)
  A hornet zombie (D:9)
  2 sky beasts
  A phantom (D:12)
  3 orc warriors
  3 ice beasts
  4 black bears
  7 ogres
  2 wolves (D:8)
  8 centaurs
  7 crocodiles
  4 big kobolds
  9 bullfrogs
  A gnoll sergeant (D:6)
  Dowan (D:4)
  A wyvern zombie (D:9)
  A scorpion (D:7)
  29 killer bees
  3 wights (D:11)
  2 howler monkeys (D:7)
  8 crimson imps
  A quasit (D:8)
  2 bullfrog zombies
  3 jellies
  4 hounds
  4 orc priests
  4 centaur skeletons
  2 gnoll shamans
  4 orc wizards
  Jessica (D:2)
  A bullfrog skeleton (D:4)
  3 iguanas
  Natasha (thrice) (D:4)
  11 worker ants
  A hound zombie (D:6)
  A hound skeleton (D:4)
  Robin (D:4)
  A howler monkey zombie (D:7)
  2 worker ant zombies
  14 gnolls
  13 adders
  5 shadow imps
  2 oozes
  3 adder skeletons
  2 adder zombies
  3 worms
  3 dart slugs
  10 leopard geckos
  31 orcs
  3 ball pythons
  13 bats
  11 giant cockroaches
  20 goblins
  10 hobgoblins
  6 jackals
  30 kobolds
  7 quokkas
  7 frilled lizards
  9 rats
466 creatures vanquished.

Vanquished Creatures (others)
  3 slaves (D:8)
  A bullfrog (D:8)
  A centaur zombie (D:8)
  An iguana (D:8)
  An orc wizard (D:8)
  An orc (D:8)
  3 fungi
11 creatures vanquished.

Grand Total: 477 creatures vanquished

Notes
Turn   | Place    | Note
-------+----------+-------------------------------------------
     0 | D:1      | Llamajah the Ogre Fighter began the quest for the Orb.
     0 | D:1      | Reached XP level 1. HP: 24/24 MP: 1/1
    80 | D:1      | You fall through a shaft!
    85 | D:2      | Reached XP level 2. HP: 20/32 MP: 2/2
   366 | D:1      | Reached XP level 3. HP: 37/40 MP: 3/3
   870 | D:1      | Reached skill level 1 in Throwing
  1087 | D:2      | Reached XP level 4. HP: 41/49 MP: 4/4
  1140 | D:2      | Reached skill level 5 in Fighting
  1249 | D:2      | Noticed Jessica
  1258 | D:2      | Killed Jessica
  1399 | D:2      | Reached XP level 5. HP: 24/57 MP: 5/5
  2556 | D:3      | Found a hazy altar of Hepliaklqana.
  2829 | D:3      | Reached skill level 6 in Fighting
  2901 | D:4      | Noticed Robin
  2919 | D:4      | Reached XP level 6. HP: 67/67 MP: 6/6
  2930 | D:4      | Killed Robin
  3272 | D:4      | Noticed Natasha
  3283 | D:4      | Killed Natasha
  3318 | D:4      | Noticed Duvessa
  3535 | D:4      | Noticed Natasha
  3543 | D:4      | Killed Natasha
  3562 | D:4      | Noticed Dowan
  3572 | D:4      | Killed Duvessa
  3572 | D:4      | Reached skill level 7 in Fighting
  3572 | D:4      | Reached XP level 7. HP: 48/78 MP: 7/7
  3598 | D:4      | Killed Dowan
  3984 | D:4      | Noticed Natasha
  3998 | D:4      | Killed Natasha
  4445 | D:5      | Entered Level 5 of the Dungeon
  4670 | D:5      | Reached XP level 8. HP: 60/88 MP: 8/8
  5095 | D:5      | Found Xeloriry's Jewellery Shop.
  5130 | D:5      | Reached skill level 8 in Fighting
  5162 | D:5      | Reached skill level 1 in Armour
  5522 | D:5      | Found a staircase to the Ecumenical Temple.
  5539 | Temple   | Entered the Ecumenical Temple
  5640 | Temple   | Became a worshipper of Warmaster Okawaru
  5904 | D:5      | Found an iron altar of Okawaru.
  5906 | D:5      | Found a burning altar of Makhleb.
  5906 | D:5      | Found a sparkling altar of Nemelex Xobeh.
  5908 | D:5      | Found an iron altar of Okawaru.
  5908 | D:5      | Found a shimmering altar of Xom.
  5908 | D:5      | Found a shimmering altar of Xom.
  6298 | D:6      | Reached skill level 5 in Dodging
  6407 | D:6      | Reached skill level 9 in Fighting
  6541 | D:6      | Reached XP level 9. HP: 79/97 MP: 9/9
  6709 | D:6      | Found a snail-covered altar of Cheibriados.
  6805 | D:6      | Reached * piety under Okawaru
  7805 | D:7      | Reached skill level 5 in Axes
  7805 | D:7      | Reached skill level 5 in Shields
  8089 | D:7      | Reached ** piety under Okawaru
  8313 | D:8      | Reached skill level 10 in Fighting
  8342 | D:8      | Found a staircase to the Lair.
  8405 | D:8      | Noticed Pikel
  8469 | D:8      | Killed Pikel
  8469 | D:8      | Reached skill level 5 in Throwing
  8469 | D:8      | Reached XP level 10. HP: 50/109 MP: 6/10
  8895 | D:8      | Noticed Harold
  9253 | D:8      | Noticed Maurice
  9253 | D:8      | Noticed Gastronok
  9270 | D:8      | Killed Maurice
  9292 | D:8      | Killed Gastronok
  9292 | D:8      | Reached *** piety under Okawaru
  9292 | D:8      | Reached **** piety under Okawaru
  9292 | D:8      | Reached skill level 11 in Fighting
  9654 | D:8      | Noticed Grum
  9676 | D:8      | Killed Grum
  9858 | D:8      | Killed Harold
  9858 | D:8      | Reached ***** piety under Okawaru
  9858 | D:8      | Reached XP level 11. HP: 70/121 MP: 8/11
 10124 | D:9      | Received a gift from Okawaru
 10124 | D:9      | Reached skill level 12 in Fighting
 10626 | D:9      | Paralysed by a hornet for 3 turns
 10939 | D:9      | Found a transporter.
 10948 | D:9      | Noticed a moth of wrath
 10949 | D:9      | Found the amulet of the Air {Inacc +Fly rElec EV+5 RMsl}
 10959 | D:9      | Noticed patrick's ghost (novice CeHu)
 10980 | D:9      | Found a transporter.
 11122 | D:10     | Entered Level 10 of the Dungeon
 11196 | D:10     | Found a staircase to the Orcish Mines.
 11886 | D:10     | Received a gift from Okawaru
 12413 | D:11     | Noticed an eight-headed hydra
 12441 | D:11     | Killed an eight-headed hydra
 12441 | D:11     | Received a gift from Okawaru
 12752 | D:11     | Noticed a cyclops
 12776 | D:11     | Killed a cyclops
 12943 | D:11     | Noticed a cyclops
 12957 | D:11     | Killed a cyclops
 13010 | D:11     | Noticed a brown ugly thing
 13082 | D:11     | Found a burning altar of Makhleb.
 13108 | D:11     | Reached skill level 13 in Fighting
 13228 | D:11     | Noticed a manticore
 13234 | D:11     | Killed a manticore
 13285 | D:11     | Noticed a cyan ugly thing
 13292 | D:11     | Reached XP level 12. HP: 136/136 MP: 9/12
 13472 | D:12     | Reached skill level 5 in Armour
 13819 | D:5      | Bought an uncursed amulet of faith for 520 gold pieces
 13944 | D:12     | Noticed Nessos
 14121 | Lair:1   | Entered Level 1 of the Lair of Beasts
 14137 | D:8      | Received a gift from Okawaru
 15997 | Lair:1   | Found a snail-covered altar of Cheibriados.
 16283 | Lair:2   | Found a hole to the Spider Nest.
 16311 | Lair:1   | Reached skill level 14 in Fighting
 16884 | Lair:2   | Reached skill level 10 in Dodging
 17171 | Lair:2   | Noticed an eight-headed hydra
 17179 | Lair:2   | Killed an eight-headed hydra
 17179 | Lair:2   | Received a gift from Okawaru
 17179 | Lair:2   | Reached XP level 13. HP: 60/148 MP: 10/13
 17180 | Lair:2   | Got a ripped robe {god gift}
 17191 | Lair:2   | Identified the +0 robe of Crawling {+Inv rElec Dex+5}
                  | (Okawaru gifted it to you on level 2 of the Lair of Beasts)
 17499 | Lair:2   | Found a staircase to the Shoals.
 19315 | Lair:3   | Found a large runed translucent door.
 19315 | Lair:3   | Found a large runed translucent door.
 19316 | Lair:3   | Noticed catcat's ghost (journeyman MiFi)
 19526 | Lair:3   | Killed catcat's ghost
 20454 | Lair:4   | Reached skill level 15 in Fighting
 20481 | Lair:4   | Reached skill level 1 in Invocations
 20690 | Lair:4   | Received a gift from Okawaru
 21294 | Lair:4   | Received a gift from Okawaru
 21504 | Lair:4   | Identified the Collected Works on Battle Magic
 22145 | Lair:4   | HP: 7/150 [catoblepas (6)]
 22150 | Lair:4   | Slain by a catoblepas

Skill      XL: |  1  2  3  4  5  6  7  8  9 10 11 12 13 |
---------------+----------------------------------------+-----
Dodging        | 3 4 5 6 8 9 10 | 10.6
Throwing       | 1 2 3 5 6 7 8 |  8.3
Shields        | 3 4 5 6 7 8 |  8.1
Fighting       | 5 6 7 9 10 11 13 14 15 | 15.3
Axes           | 3 4 5 6 7 8 9 |  9.1
Armour         | 2 3 4 5 6 |  6.4
Invocations    | 2 |  2.1

Action                   |  1- 3 |  4- 6 |  7- 9 | 10-12 | 13-15 || total
-------------------------+-------+-------+-------+-------+-------++-------
Melee: War axe           |    90 |       |       |       |       ||    90
       Whip              |    49 |   294 |   449 |  1091 |       ||  1883
       Flail             |       |       |       |   114 |   334 ||   448
Throw: Javelin           |       |       |    52 |    21 |    12 ||    85
       Stone             |       |       |     2 |     4 |       ||     6
Invok: Heroism           |       |       |     1 |    17 |     6 ||    24
Evoke: Wand              |       |       |    10 |     5 |     4 ||    19
  Use: Scroll            |       |       |     6 |    10 |     2 ||    18
       Potion            |       |       |       |     5 |     4 ||     9
 Stab: Sleeping          |     1 |       |       |       |       ||     1
       Paralysed         |       |       |     9 |       |       ||     9
  Eat: Chunk             |     1 |     8 |    13 |    23 |     8 ||    53
       Ration            |       |       |     1 |     2 |     2 ||     5
Armor: Robe              |    59 |    92 |   136 |   119 |    65 ||   471
       Troll leather arm |       |       |       |   334 |     8 ||   342
Dodge: Dodged            |    57 |    81 |   165 |   710 |   223 ||  1236
Block: Shield            |    65 |   128 |   221 |   739 |   216 ||  1369
